 Dungeon Crawl Stone Soup version 0.28.0-53-g5a82cb258f (webtiles) character file.

Game seed: 3291600473765792819

241 clackabat the Spear-Bearer (level 5, -3/45 HPs)
             Began as a Minotaur Berserker on July 14, 2022.
             Was a Believer of Trog.
             Killed from afar by an electric eel (15 damage)
             ... with a bolt of electricity
             ... on level 3 of the Dungeon.
             The game lasted 00:06:38 (1863 turns).

clackabat the Spear-Bearer (Minotaur Berserker)     Turns: 1863, Time: 00:06:39

Health: -3/45      AC:  8    Str: 21    XL:     5   Next: 80%
Magic:  4/4        EV: 11    Int:  4    God:    Trog [**....]
Gold:   26         SH:  0    Dex: 12    Spells: 4/4 levels left

rFire   . . .      SeeInvis .   a - +0 spear
rCold   . . .      Faith    .   (no shield)
rNeg    . . .      Spirit   .   j - +0 ring mail
rPois   .          Reflect  .   (helmet restricted)
rElec   .          Harm     .   (no cloak)
rCorr   .          Rampage  .   n - +1 pair of gloves
Will    .....                   e - +0 pair of boots
Stlth   +.........              (no amulet)
HPRegen 0.15/turn               (no ring)
MPRegen 0.09/turn               (no ring)

@: flying, hasted, very quick
A: horns 2, retaliatory headbutt
a: Renounce Religion, Berserk, Trog's Hand


You were on level 3 of the Dungeon.
You worshipped Trog.
Trog was pleased with you.
You visited 1 branch of the dungeon, and saw 3 of its levels.

You collected 26 gold pieces.

Inventory:

Hand Weapons
 a - a +0 spear (weapon)
Missiles
 b - 2 poisoned darts
 i - a throwing net (quivered)
Armour
 e - a +0 pair of boots (worn)
 j - a +0 ring mail (worn)
 m - a +0 buckler
 n - a +1 pair of gloves (worn)
Wands
 d - a wand of flame (24)
Scrolls
 g - 2 scrolls of identify {unknown}
 l - a scroll of blinking {unknown}
Potions
 k - a potion of might {unknown}


   Skills:
 - Level 3.6 Fighting
 * Level 8.0 Polearms
 - Level 2.4 Armour
 - Level 2.1 Dodging


You had 4 spell levels left.
You didn't know any spells.
Your spell library was empty.

Dungeon Overview and Level Annotations

Branches:
Dungeon (3/15)

Altars:


Innate Abilities, Weirdness & Mutations

You have a pair of horns on your head.
You reflexively headbutt those who attack you in melee.


Message History

You open the door.
The electric eel shoots out a bolt of lightning at you!
The bolt of electricity hits you!
The electric eel shoots out a bolt of lightning at you!
The bolt of electricity misses you.
The bolt of electricity hits the plant!
The plant begins to die.
The bolt of electricity hits the plant!
The electric eel shoots out a bolt of lightning at you!
The bolt of electricity hits you.
There is a transporter landing site here.
The electric eel shoots out a bolt of lightning at you!
The bolt of electricity misses you.
The bolt of electricity hits the plant! x2
Aiming: Throw Flame
Press: ? - help, Shift-Dir - straight line
Okay, then.
It was a potion of flight.
You feel very buoyant.
You fly up into the air.
A nearby plant withers and dies.
The electric eel shoots out a bolt of lightning at you!
The bolt of electricity hits you!
It was a potion of haste.
You feel yourself speed up.
It was a potion of curing.
You feel better.
The electric eel shoots out a bolt of lightning at you!
The bolt of electricity hits you.
You feel better.
The electric eel shoots out a bolt of lightning at you!
The bolt of electricity hits you.
There is an open door here.
The electric eel shoots out a bolt of lightning at you!
The bolt of electricity hits you.
The bolt of electricity misses the electric eel.
The bolt of electricity hits the electric eel.
The electric eel completely resists.
The bolt of electricity hits you.
* * * LOW HITPOINT WARNING * * *
You hit the electric eel. Your headbutt misses the electric eel.
The electric eel is moderately wounded.
You barely miss the electric eel.
The electric eel is moderately wounded.
The electric eel shoots out a bolt of lightning at you!
The bolt of electricity hits you!
You die...

#..###+###..#
#..#≈≈≈P≈#..#
#..#≈≈≈≈≈#..#
#..#≈≈≈≈≈#..#
#..#≈≈♣≈≈#..#
#..#≈≈P≈≈#..#
#..#≈...≈#..#
#..#S..@S#..#
#..###'###..#
#..#≈...P#..# ###
#..#8.©.8#..# ....
#..#######..#
#....#.....©.....#
#................#
...###.#.....####
#.###.###


You could see 2 electric eels.

Vanquished Creatures
  Sigmund (D:2)
  An adder (D:2)
  3 gnolls (D:2)
  A dart slug (D:2)
  A ball python (D:3)
  3 endoplasms
  3 giant cockroaches (D:2)
  3 hobgoblins
  5 jackals
  5 kobolds
  A quokka (D:2)
  2 bats
  2 frilled lizards
  4 goblins
  9 rats
44 creatures vanquished.

Vanquished Creatures (others)
  2 plants
2 creatures vanquished.

Grand Total: 46 creatures vanquished

Notes
Turn   | Place    | Note
-------+----------+-------------------------------------------
     0 | D:1      | clackabat the Minotaur Berserker began the quest for the
                  | Orb.
     0 | D:1      | Reached XP level 1. HP: 19/19 MP: 0/0
    43 | D:1      | Reached skill level 4 in Polearms
   148 | D:1      | Reached XP level 2. HP: 26/26 MP: 1/1
   299 | D:1      | Found a faded altar of an unknown god.
   484 | D:2      | Noticed Sigmund
   704 | D:2      | Killed Sigmund
   705 | D:2      | Reached skill level 7 in Polearms
   705 | D:2      | Reached XP level 3. HP: 31/31 MP: 2/2
   705 | D:2      | Reached XP level 4. HP: 39/39 MP: 3/3
   705 | D:2      | Reached XP level 5. HP: 45/45 MP: 4/4
  1053 | D:2      | Reached ** piety under Trog
  1833 | D:3      | Found a transporter.
  1836 | D:3      | Reached skill level 8 in Polearms
  1863 | D:3      | Killed from afar by an electric eel

Illustrated notes

Levels and vault maps discovered:
D:1:      beargit_arrival_greenhouse, layout_rooms,
          ebering_ecumenical_altar_webs, nrook_mini_vaults
D:2:      layout_loops_ring, st_stairs_7, serial_bayou_pond_c, feat_on_display,
          uniq_sigmund
D:3:      gammafunk_steamed_eel, layout_basic

Skill      XL: |  1  2  3  4  5 |
---------------+----------------+-----
Polearms       | 4 7 8 |  8.0
Fighting       | |  3.6
Armour         | |  2.4
Dodging        | |  2.1

Action                   |  1- 3 |  4- 6 || total
-------------------------+-------+-------++-------
Melee: Spear             |    55 |    72 ||   127
       Headbutt          |     5 |     8 ||    13
       Punch             |     1 |     1 ||     2
Invok: Berserk           |     1 |       ||     1
  Use: Potion            |       |     4 ||     4
 Stab: Sleeping          |       |     1 ||     1
Armor: Animal skin       |     9 |     4 ||    13
       Ring mail         |       |     3 ||     3
Dodge: Dodged            |    19 |    18 ||    37
